Map: King Sejong Station LE

Players

IIIIIIIIIIl (Kas)

  • Race: Zerg Zerg
  • League: Grandmaster

llllllllllll - Winner!

  • Race: Zerg Zerg
  • League: Master

VOD

Have the link to the VOD?

Description

Time

  • Played on: Oct. 28, 2016, 3:06 p.m.
  • Length: 7:10
Show
View Real Time Build Order
Export as new Build Order

IIIIIIIIIIl Zerg 

Build Orders: Pool First 

Get SALT Encoding   

  12  0:01  Drone  
  13  0:09  Drone  
  14  0:16  Overlord  
  14  0:34  Drone  
  14  0:35  Drone x2  
  17  0:46  Drone  
  18  0:50  Spawning Pool  
  18  0:53  Extractor  
  18  0:56  Drone  
  17  1:07  Drone  
  18  1:18  Unknown, Hatchery  
  18  1:21  Drone  
  18  1:37  Queen, Zergling x2  
  22  1:40  Zergling x2  
  22  1:53  Overlord  
  22  2:00  Metabolic Boost  
  22  2:14  Queen  
  24  2:19  Drone  
  24  2:21  Drone  
  26  2:26  Drone  
  27  2:30  Unknown  
  27  2:32  Zergling x2  
  28  2:43  Zergling x4  
  28  2:53  Zergling x8  
  32  3:05  Unknown, Hatchery, Zergling x4  
  33  3:13  Overlord  
  33  3:20  Drone  
  33  3:22  Drone  
  33  3:23  Overlord  
  35  3:39  Drone  
  35  3:40  Drone x4  
  35  3:41  Drone, Roach Warren  
  37  3:48  Queen  
  37  3:50  Drone  
  40  3:55  Drone  
  40  3:56  Drone x2  
  40  3:59  Drone  
  44  4:04  Zergling x4  
  44  4:08  Zergling x4  
  48  4:15  Overlord  
  48  4:17  Unknown  
  48  4:32  Extractor  
  48  4:34  Drone x3  
  48  4:36  Drone x3  
  48  4:38  Drone x3  
  55  4:42  Evolution Chamber  
  58  4:45  Roach x2  
  58  4:46  Roach  
  58  4:52  Drone  
  61  5:02  Roach, Overlord x4  
  63  5:11  Roach  
  63  5:13  Zerg Missile Weapons Level 1  
  65  5:15  Overlord x2  
  65  5:19  Overlord  
  63  5:37  Roach x4  
  63  5:38  Roach x5  
  74  5:53  Roach x3  
  80  5:57  Overlord  
  80  5:58  Zergling x4  
  80  6:01  Extractor x2  
  81  6:08  Roach x3  
  87  6:14  Roach  
  89  6:20  Roach, Overlord x2  
  89  6:21  Roach  
  89  6:25  Roach  
  95  6:27  Overlord  
  95  6:28  Overlord x2  
  77  6:48  Zergling x12  
  77  6:49  Zergling x2  
Show
View Real Time Build Order
Export as new Build Order

llllllllllll Zerg - Winner!

Build Orders: Hatch First 

Get SALT Encoding   

  12  0:01  Drone  
  13  0:13  Overlord  
  13  0:17  Drone  
  14  0:31  Drone x2  
  16  0:39  Drone  
  17  0:52  Unknown, Hatchery  
  17  0:55  Drone  
  17  1:00  Drone  
  18  1:09  Extractor  
  17  1:14  Spawning Pool  
  17  1:16  Drone  
  17  1:20  Drone  
  18  1:29  Drone  
  19  1:39  Overlord  
  19  1:52  Drone  
  20  2:00  Queen  
  22  2:01  Zergling x2  
  22  2:03  Queen, Unknown  
  22  2:04  Drone  
  26  2:13  Metabolic Boost, Drone  
  27  2:16  Drone  
  27  2:20  Spine Crawler  
  27  2:23  Drone  
  27  2:29  Drone  
  29  2:34  Zergling x2  
  29  2:47  Drone x3  
  30  2:54  Queen  
  30  2:56  Evolution Chamber, Overlord  
  31  2:59  Drone  
  32  3:08  Zergling x4  
  34  3:16  Zergling x2  
  35  3:21  Zerg Ground Armor Level 1  
  35  3:22  Drone x3  
  35  3:24  Drone  
  39  3:30  Zergling x4  
  39  3:32  Overlord  
  41  3:37  Drone  
  41  3:38  Drone  
  43  3:45  Roach Warren  
  43  3:46  Drone  
  43  3:54  Drone  
  43  3:55  Drone  
  45  3:58  Zergling x2  
  45  4:01  Drone x2  
  45  4:02  Drone  
  49  4:06  Drone  
  50  4:11  Overlord  
  50  4:14  Drone x2  
  50  4:15  Extractor, Drone  
  52  4:23  Extractor  
  52  4:24  Zergling x2  
  52  4:29  Overlord x2  
  51  4:32  Roach x3  
  58  4:41  Unknown, Hatchery  
  58  4:42  Roach  
  58  4:43  Extractor  
  58  4:48  Drone x2  
  58  4:49  Drone  
  58  4:50  Drone  
  62  4:59  Roach x2  
  66  5:04  Roach x3  
  66  5:05  Overlord  
  72  5:11  Zergling x2  
  73  5:21  Overlord x4  
  73  5:35  Zergling x4  
  75  5:39  Zergling x2  
  75  5:41  Zergling x4  
  75  5:42  Zergling x4  
  80  5:46  Zergling x2  
  79  5:52  Unknown, Ravager  
  80  5:57  Overlord  
  80  5:58  Ravager  
  80  5:59  Ravager x4  
  80  6:01  Overlord  
  80  6:03  Zergling x12  
  91  6:10  Zergling x2  
  91  6:11  Zergling x4  
  94  6:12  Ravager  
  94  6:18  Zergling x6  
  98  6:20  Ravager  
  98  6:21  Overlord  
  98  6:23  Roach x2  
  103  6:26  Zergling x2  
  103  6:28  Ravager  
  103  6:31  Zergling x8  
  107  6:44  Zergling x12  
  104  6:49  Zergling x2  
Tags
 
Add a new tag
Caveats
  • Supply blocks, unpowered buildings, or Contaminate may cause inaccurate times.
  • Supply counts are checked every 10 seconds.